 Dungeon Crawl Stone Soup version 0.17-a0-2027-gcac42c4 (webtiles) character file.

23 maniek23 the Vexing (level 2, 0/19 HPs)
             Began as a Vampire Enchanter on Oct 10, 2015.
             Slain by a goblin
             ... wielding a +0 club
             ... led by Robin
              (2 damage)
             ... on level 1 of the Dungeon.
             The game lasted 00:02:34 (480 turns).

maniek23 the Vexing (Vampire Enchanter)              Turns: 480, Time: 00:02:34

Health: 0/19       AC:  3    Str:  7    XL:     2   Next: 75%
Magic:  1/5        EV: 12    Int: 17    God:
Gold:   45         SH:  0    Dex: 14    Spells: 2 memorised, 2 levels left

rFire  . . .     SeeInvis +     a - +1 dagger
rCold  . . .     Clarity  .     b - +1 robe
rNeg   . . .     SustAt   .     (no shield)
rPois  .         Gourm    .     (no helmet)
rElec  .         Spirit   .     (no cloak)
rCorr  .         Warding  .     (no gloves)
rMut   .         Stasis   .     (no boots)
MR     .....                    (no amulet)
Stlth  +++.......               (no ring)
                                (no ring)

@: very slightly contaminated, regenerating quickly, not resistant to hostile
enchantments, fairly stealthy
A: fangs 3, see invisible, unbreathing
a: no special abilities


You were on level 1 of the Dungeon.
You were very full.

You visited 1 branch of the dungeon, and saw 2 of its levels.

You collected 45 gold pieces.

Inventory:

Hand Weapons
 a - a +1 dagger (weapon)
Armour
 b - a +1 robe (worn)
Scrolls
 e - 3 scrolls of identify {unknown}
 f - a scroll of magic mapping {unknown}
 i - a scroll of noise {unknown}
Potions
 d - a potion of blood
 g - a potion of invisibility {unknown}
 h - a potion of mutation {unknown}
 j - a potion of haste {unknown}
 k - 3 potions of brilliance {unknown}
Books
 c - a book of Maledictions

   Spells                             Type                      Level
   a - Corona                         Hexes                        1
   b - Ensorcelled Hibernation        Hexes/Ice                    2
   c - Confuse                        Hexes                        3
   d - Tukima's Dance                 Hexes                        3
   e - Dazzling Spray                 Conjuration/Hexes            3


   Skills:
 * Level 1.5 Short Blades
 + Level 2.3 Dodging
 + Level 4.8 Stealth
 + Level 2.1 Spellcasting
 + Level 5.0 Hexes


You had 2 spell levels left.
You knew the following spells:

 Your Spells              Type           Power        Failure   Level  Hunger
a - Corona                Hex            ###....      2%          1    #......
b - Ensorcelled Hibernat  Hex/Ice        ##....       12%         2    ###....


Dungeon Overview and Level Annotations

Branches:
Dungeon (2/15)

Altars:

Annotations:
D:2 Robin


Innate Abilities, Weirdness & Mutations

Your natural rate of healing is unusually fast.
You have razor-sharp teeth.
You have supernaturally acute eyesight.
You can survive without breathing.


Message History

Robin roars a battlecry!
The goblins go into a battle-frenzy!
The hobgoblin barely misses you.
You barely miss the hobgoblin. Your bite misses the hobgoblin.
The hobgoblin is heavily wounded.
The goblin hits you with a club. The hobgoblin hits you with a club.
Robin roars a battlecry!
The goblin hits you with a club!
* * * LOW HITPOINT WARNING * * *
The hobgoblin hits you with a club.
* * * LOW HITPOINT WARNING * * *
You climb upwards.
There is a stone staircase leading down here.
Casting: Ensorcelled Hibernation
Confirm with . or Enter, or press ? or * to list all spells.
Aiming: Ensorcelled Hibernation
Press: ? - help, Shift-Dir - straight line, f - hobgoblin
Aim: a hobgoblin, wielding a club (heavily wounded, consumed by blood-lust, chance to defeat MR: 79%)
The hobgoblin looks drowsy...
The goblin hits you with a club.
You die...

#..........≈.#.#.§≈.#≈...≈#.≈.#..
#..........≈8#.#.≈≈.#≈≈≈≈≈#8≈.#..
##.......#.≈.##############.≈.#.#
##.....##.≈..8..........8..≈##.#
#######..≈≈≈≈≈≈≈≈≈≈≈≈≈≈≈≈≈≈#...
##........................
###..#####.##.......#....###
##.#.######g#.......##.######
#....#......@................
#............g.............##
#....#......##........####...
#.........#.##........#####..
#...##....#.########....###..
#...##.##....### #..#.##...
#...#..####....#####..#......
##.##.## #.##............###
###..# #.#####............


You could see a hobgoblin (frenzied) and a goblin (frenzied).

Vanquished Creatures
  3 bats (D:1)
  7 goblins
  6 hobgoblins
  2 kobolds
  A giant newt (D:1)
  2 rats (D:1)
21 creatures vanquished.

Notes
Turn   | Place    | Note
--------------------------------------------------------------
     0 | D:1      | maniek23 the Vampire Enchanter began the quest for the Orb.
     0 | D:1      | Reached XP level 1. HP: 13/13 MP: 3/3
   167 | D:1      | Reached XP level 2. HP: 19/19 MP: 5/5
   266 | D:1      | Learned a level 2 spell: Ensorcelled Hibernation
   405 | D:2      | Noticed Robin
   471 | D:2      | Reached skill level 5 in Hexes
   480 | D:1      | Slain by a goblin

Vault maps used:
D:1:      lightli_arrival_isolated_outpost
D:2:      uniq_robin

Action                   || total
-------------------------++-------
Melee: Dagger            ||    91
 Cast: Ensorcelled Hiber ||     2
       Corona            ||     1
 Stab: Sleeping          ||     2
  Eat: Corpse            ||     6
